PR
CAPITAL HILL INTERNS @ MEMPHIS MUSIC
07/30/2034
 
TOP OF THE 1ST
Capital Hill Interns batting - Pitching for Memphis Music : LHP Mike Murdock
Pitching: LHP Mike Murdock
Batting: RHB Michael Ruscoe 0-0: Ball
1-0: Called Strike
1-1: Foul Ball, location: 2F
1-2: Ball
2-2: Foul Ball, location: 2F
2-2: Ball
3-2: Foul Ball, location: 2F
3-2: SINGLE (Flyball, 8LS)
Batting: RHB Ken Pittman 0-0: Foul Ball, location: 2F
0-1: Foul Ball, location: 2F
0-2: Ball
1-2: Ground out 5-3 (Groundball, 56S)
Michael Ruscoe to second
Batting: RHB Alex Perry 0-0: Ball
1-0: SINGLE (Flyball, 9LM)
Michael Ruscoe to third
Runner from 3rd tries for Home, SAFE, no throw
Batting: RHB Gilberto Ramírez 0-0: Ball
1-0: Ball
2-0: Called Strike
2-1: Fly out, F5 (Popup, 56S)
Batting: SHB Mark Boyle 0-0: Foul Ball, location: 2F
0-1: Ball
1-1: Foul Ball, location: 2F
1-2: Ball
Alex Perry steals 2nd base
2-2: Foul Ball, location: 2F
2-2: Strikes out swinging
Top of the 1st over - 1 run, 2 hits, 0 errors, 1 left on base; Capital Hill 1 - Memphis 0
BOTTOM OF THE 1ST
Memphis Music batting - Pitching for Capital Hill Interns : RHP Brad Easterday
Pitching: RHP Brad Easterday
Batting: LHB Klaas Westerduin 0-0: Called Strike
0-1: Fly out, F9 (Flyball, 9LM)
Batting: RHB Ryan Coakley 0-0: Called Strike
0-1: Called Strike
0-2: Strikes out swinging
Batting: LHB Gabriel Muńóz 0-0: Called Strike
0-1: Ball
1-1: Foul Ball, location: 2F
1-2: Strikes out swinging
Bottom of the 1st over - 0 runs, 0 hits, 0 errors, 0 left on base; Capital Hill 1 - Memphis 0
TOP OF THE 2ND
Capital Hill Interns batting - Pitching for Memphis Music : LHP Mike Murdock
Batting: RHB Alejandro Carrillo 0-0: Ball
1-0: Foul Ball, location: 2F
1-1: Ball
2-1: Foul Ball, location: 2F
2-2: Strikes out swinging
Batting: LHB Tom Washington 0-0: Ball
1-0: Called Strike
1-1: Ball
2-1: Ball
3-1: Base on Balls
Batting: RHB John Fitzgerald 0-0: Ball
1-0: Called Strike
1-1: Foul Ball, location: 2F
1-2: Ball
2-2: Fly out, F9 (Flyball, 9D)
Batting: RHB António Salas 0-0: Ball
1-0: Ball
2-0: Ball
3-0: Called Strike
3-1: Called Strike
3-2: Strikes out swinging
Top of the 2nd over - 0 runs, 0 hits, 0 errors, 1 left on base; Capital Hill 1 - Memphis 0
BOTTOM OF THE 2ND
Memphis Music batting - Pitching for Capital Hill Interns : RHP Brad Easterday
Batting: RHB Pellervo Rintanen 0-0: Ball
1-0: Foul Ball, location: 2F
1-1: Fly out, F8 (Flyball, 8LD)
Batting: RHB Gene Wilson 0-0: Ball
1-0: Foul Ball, location: 2F
1-1: Called Strike
1-2: Ball
2-2: Foul Ball, location: 2F
2-2: Ball
3-2: Base on Balls
Batting: RHB Brian Cronk 0-0: Called Strike
0-1: Swinging Strike
0-2: Strikes out swinging
Batting: RHB Jeffrey O'Tarcert 0-0: Foul Ball, location: 2F
0-1: Ball
1-1: Swinging Strike
1-2: Foul Ball, location: 2F
1-2: Foul Ball, location: 2F
1-2: Strikes out swinging
Bottom of the 2nd over - 0 runs, 0 hits, 0 errors, 1 left on base; Capital Hill 1 - Memphis 0
TOP OF THE 3RD
Capital Hill Interns batting - Pitching for Memphis Music : LHP Mike Murdock
Batting: RHB Michael Ruscoe 0-0: Swinging Strike
0-1: Called Strike
0-2: Ball
1-2: Ball
2-2: Ground out 6-3 (Groundball, 56)
Batting: RHB Ken Pittman 0-0: Ball
1-0: Called Strike
1-1: Ground out 4-3 (Groundball, 4)
Batting: RHB Alex Perry 0-0: Ball
1-0: Foul Ball, location: 2F
1-1: Ball
2-1: Foul Ball, location: 2F
2-2: Ball
3-2: Strikes out swinging
Top of the 3rd over - 0 runs, 0 hits, 0 errors, 0 left on base; Capital Hill 1 - Memphis 0
BOTTOM OF THE 3RD
Memphis Music batting - Pitching for Capital Hill Interns : RHP Brad Easterday
Batting: LHB Valke van der Heide 0-0: Called Strike
0-1: Ball
1-1: Swinging Strike
1-2: Ball
2-2: Foul Ball, location: 2F
2-2: Ball
3-2: Strikes out swinging
Batting: LHB Kuberabandhu Kasturirangan 0-0: DOUBLE (Line Drive, 89D)
Batting: LHB Klaas Westerduin 0-0: Called Strike
0-1: Called Strike
0-2: Ball
1-2: Ball
2-2: Fly out, F8 (Line Drive, 8LM)
Batting: RHB Ryan Coakley 0-0: Called Strike
0-1: Swinging Strike
0-2: Ball
1-2: Foul Ball, location: 2F
1-2: SINGLE (Line Drive, 78S)
Kuberabandhu Kasturirangan to third
Batting: LHB Gabriel Muńóz 0-0: Called Strike
0-1: Ground out 4-3 (Groundball, 4)
Bottom of the 3rd over - 0 runs, 2 hits, 0 errors, 2 left on base; Capital Hill 1 - Memphis 0
TOP OF THE 4TH
Capital Hill Interns batting - Pitching for Memphis Music : LHP Mike Murdock
Batting: RHB Gilberto Ramírez 0-0: Ball
1-0: SINGLE (Line Drive, 5)
Batting: SHB Mark Boyle 0-0: Ball
1-0: Called Strike
1-1: Called Strike
1-2: Fly out, F7 (Flyball, 78M)
Batting: RHB Alejandro Carrillo 0-0: Ball
1-0: Ball
2-0: DOUBLE (Line Drive, 7LD)
Gilberto Ramírez to third
Batting: LHB Tom Washington 0-0: Ball
1-0: Ball
2-0: Ball
3-0: Base on Balls
Batting: RHB John Fitzgerald 0-0: Foul Ball, location: 2F
0-1: Ball
1-1: SINGLE (Flyball, 89S)
Gilberto Ramírez scores
Alejandro Carrillo to third
Tom Washington to second
Batting: RHB António Salas 0-0: Foul Ball, location: 2F
0-1: Foul Ball, location: 2F
0-2: Strikes out swinging
Batting: RHB Michael Ruscoe 0-0: Ball
1-0: SINGLE (Line Drive, 56D)
Alejandro Carrillo scores
Tom Washington to third
John Fitzgerald to second
Runner from 3rd tries for Home, SAFE, no throw
Batting: RHB Ken Pittman 0-0: Foul Ball, location: 2F
0-1: Foul Ball, location: 2F
0-2: Ball
1-2: SINGLE (Line Drive, 56D)
John Fitzgerald to third
Michael Ruscoe to second
Runner from 3rd tries for Home, SAFE, no throw
Batting: RHB Alex Perry 0-0: Called Strike
0-1: Swinging Strike
0-2: Foul Ball, location: 2F
0-2: Ball
1-2: Foul Ball, location: 2F
1-2: Strikes out swinging
Top of the 4th over - 4 runs, 5 hits, 0 errors, 2 left on base; Capital Hill 5 - Memphis 0
BOTTOM OF THE 4TH
Memphis Music batting - Pitching for Capital Hill Interns : RHP Brad Easterday
Batting: RHB Pellervo Rintanen 0-0: SINGLE (Flyball, 9LS)
Batting: RHB Gene Wilson 0-0: Fly out, F9 (Flyball, 9)
Batting: RHB Brian Cronk 0-0: Ball
1-0: Ball
2-0: Swinging Strike
2-1: Swinging Strike
2-2: Ball
3-2: Base on Balls
Pellervo Rintanen to second
Batting: RHB Jeffrey O'Tarcert 0-0: Fielders Choice at 2nd, 6-4 (Groundball, 6D)
Pellervo Rintanen to third
Batting: LHB Valke van der Heide 0-0: Ball
1-0: Ball
2-0: Fly out, F7 (Flyball, 78S)
Bottom of the 4th over - 0 runs, 1 hit, 0 errors, 2 left on base; Capital Hill 5 - Memphis 0
TOP OF THE 5TH
Capital Hill Interns batting - Pitching for Memphis Music : LHP Mike Murdock
Batting: RHB Gilberto Ramírez 0-0: Ball
1-0: Called Strike
1-1: Called Strike
1-2: Reached on error, E3 (Groundball, 34)
Pitching: RHP Reggie Ouwens
Batting: SHB Mark Boyle 0-0: Swinging Strike
0-1: Called Strike
0-2: Ball
1-2: Strikes out swinging
Batting: RHB Alejandro Carrillo 0-0: Ball
1-0: Called Strike
1-1: Ball
2-1: Called Strike
2-2: Strikes out looking
Batting: LHB Tom Washington Pickoff Throw to First - Out!
Top of the 5th over - 0 runs, 0 hits, 1 error, 0 left on base; Capital Hill 5 - Memphis 0
BOTTOM OF THE 5TH
Memphis Music batting - Pitching for Capital Hill Interns : RHP Brad Easterday
Batting: LHB Kuberabandhu Kasturirangan 0-0: Ball
1-0: Ball
2-0: Called Strike
2-1: Swinging Strike
2-2: Strikes out looking
Batting: LHB Klaas Westerduin 0-0: Called Strike
0-1: Ball
1-1: Ball
2-1: Swinging Strike
2-2: SINGLE (Groundball, 34S) (infield hit)
Batting: RHB Ryan Coakley 0-0: Called Strike
0-1: Foul Ball, location: 2F
0-2: Ball
1-2: Strikes out swinging
Batting: LHB Gabriel Muńóz 0-0: Swinging Strike
0-1: Foul Ball, location: 2F
0-2: Fly out, F6 (Line Drive, 6)
Bottom of the 5th over - 0 runs, 1 hit, 0 errors, 1 left on base; Capital Hill 5 - Memphis 0
TOP OF THE 6TH
Capital Hill Interns batting - Pitching for Memphis Music : RHP Reggie Ouwens
Batting: LHB Tom Washington 0-0: Fly out, F7 (Flyball, 78M)
Batting: RHB John Fitzgerald 0-0: Called Strike
0-1: Called Strike
0-2: Ball
1-2: Foul Ball, location: 2F
1-2: Ball
2-2: Ball
3-2: SOLO HOME RUN (Flyball, 7LD), Distance : 380 ft
Batting: RHB António Salas 0-0: Ball
1-0: Ball
2-0: Foul Ball, location: 2F
2-1: SINGLE (Line Drive, 56)
Pitching: RHP Lee Gunn
Batting: RHB Michael Ruscoe 0-0: Ball
1-0: Foul Ball, location: 2F
1-1: Fielders Choice at 2nd, 6-4 (Groundball, 6)
Batting: RHB Ken Pittman 0-0: Ball
1-0: Called Strike
1-1: Ball
2-1: Foul Ball, location: 2F
2-2: Foul Ball, location: 2F
2-2: Ball
3-2: Base on Balls
Michael Ruscoe to second
Batting: RHB Alex Perry 0-0: Ball
1-0: Ground out 4-3 (Groundball, 4M)
Top of the 6th over - 1 run, 2 hits, 0 errors, 2 left on base; Capital Hill 6 - Memphis 0
BOTTOM OF THE 6TH
Memphis Music batting - Pitching for Capital Hill Interns : RHP Brad Easterday
Batting: RHB Pellervo Rintanen 0-0: Foul Ball, location: 2F
0-1: Foul Ball, location: 2F
0-2: Ball
1-2: Strikes out swinging
Batting: RHB Gene Wilson 0-0: Ball
1-0: Ball
2-0: Ball
3-0: Base on Balls
Pitching: RHP Emílio Pantoliano
Batting: RHB Brian Cronk 0-0: Foul Ball, location: 2F
0-1: Fly out, F7 (Flyball, 7D)
Batting: RHB Jeffrey O'Tarcert 0-0: Called Strike
0-1: Ball
1-1: Swinging Strike
1-2: Foul Ball, location: 2F
1-2: Ball
2-2: Foul Ball, location: 2F
2-2: Ball
3-2: Strikes out swinging
Bottom of the 6th over - 0 runs, 0 hits, 0 errors, 1 left on base; Capital Hill 6 - Memphis 0
TOP OF THE 7TH
Capital Hill Interns batting - Pitching for Memphis Music : RHP Lee Gunn
Batting: RHB Gilberto Ramírez 0-0: Foul Ball, location: 2F
0-1: Swinging Strike
0-2: Ball
1-2: Ball
2-2: Ball
3-2: Foul Ball, location: 2F
3-2: Foul Ball, location: 2F
3-2: Fly out, F7 (Flyball, 78S)
Batting: SHB Mark Boyle 0-0: Ball
1-0: Ball
2-0: Ball
3-0: Called Strike
3-1: SINGLE (Line Drive, 7S)
Batting: RHB Alejandro Carrillo 0-0: Called Strike
Mark Boyle steals 2nd base
0-1: Ball
1-1: DOUBLE (Line Drive, 89D)
Mark Boyle scores
Batting: LHB Tom Washington 0-0: Ball
1-0: Ball
2-0: Swinging Strike
2-1: Reached on error, E4 (Groundball, 4)
Alejandro Carrillo scores
Batting: RHB John Fitzgerald 0-0: Called Strike
0-1: Foul Ball, location: 2F
0-2: Foul Ball, location: 2F
0-2: Strikes out looking
Batting: RHB António Salas 0-0: Swinging Strike
0-1: Ground out 5-3 (Groundball, 56S)
Top of the 7th over - 2 runs, 2 hits, 1 error, 1 left on base; Capital Hill 8 - Memphis 0
BOTTOM OF THE 7TH
Memphis Music batting - Pitching for Capital Hill Interns : RHP Emílio Pantoliano
Batting: LHB Valke van der Heide 0-0: Foul Ball, location: 2F
0-1: Foul Ball, location: 2F
0-2: Ball
1-2: SINGLE (Groundball, 3D)
Batting: LHB Kuberabandhu Kasturirangan 0-0: Ball
1-0: Called Strike
1-1: Fielders Choice at 2nd, 3-6 (Groundball, 3)
Batting: LHB Klaas Westerduin 0-0: Foul Ball, location: 2F
0-1: Swinging Strike
0-2: Ball
1-2: Ball
2-2: Strikes out swinging
Batting: RHB Ryan Coakley 0-0: Swinging Strike
0-1: Ball
1-1: Fielders Choice at 2nd, 6-4 (Groundball, 6)
Bottom of the 7th over - 0 runs, 1 hit, 0 errors, 1 left on base; Capital Hill 8 - Memphis 0
TOP OF THE 8TH
Capital Hill Interns batting - Pitching for Memphis Music : RHP Lee Gunn
Batting: RHB Michael Ruscoe 0-0: Ball
1-0: Ball
2-0: Ball
3-0: Base on Balls
Batting: RHB Ken Pittman 0-0: Called Strike
0-1: Ball
1-1: Foul Ball, location: 2F
1-2: Ball
2-2: Ball
Wild Pitch!
Michael Ruscoe to second
3-2: Foul Ball, location: 2F
3-2: Ground out 5-3 (Groundball, 56)
Pitching: RHP Eric Pierson
Batting: RHB Alex Perry 0-0: Ball
1-0: Ball
2-0: Foul Ball, location: 2F
2-1: Ball
3-1: Called Strike
3-2: DOUBLE (Flyball, 78D)
Michael Ruscoe scores
Batting: RHB Gilberto Ramírez 0-0: Called Strike
0-1: Called Strike
0-2: Fly out, F3 (Popup, 34S)
Batting: SHB Mark Boyle 0-0: Foul Ball, location: 2F
0-1: Swinging Strike
0-2: Strikes out looking
Top of the 8th over - 1 run, 1 hit, 0 errors, 1 left on base; Capital Hill 9 - Memphis 0
BOTTOM OF THE 8TH
Memphis Music batting - Pitching for Capital Hill Interns : RHP Emílio Pantoliano
Now in RF: Penekiko Nioka
Batting: LHB Gabriel Muńóz 0-0: Ball
1-0: Swinging Strike
1-1: Ball
2-1: Foul Ball, location: 2F
2-2: SINGLE (Groundball, 4MD)
Batting: RHB Pellervo Rintanen 0-0: Called Strike
0-1: Ball
1-1: Called Strike
1-2: Foul Ball, location: 2F
1-2: Strikes out swinging
Batting: RHB Gene Wilson 0-0: Called Strike
0-1: Swinging Strike
0-2: Ball
1-2: Strikes out swinging
Batting: RHB Brian Cronk 0-0: Called Strike
0-1: Called Strike
0-2: 2-RUN HOME RUN (Flyball, 9LD), Distance : 372 ft
Batting: RHB Jeffrey O'Tarcert 0-0: Ball
1-0: Ball
2-0: Foul Ball, location: 2F
2-1: Swinging Strike
2-2: Strikes out looking
Bottom of the 8th over - 2 runs, 2 hits, 0 errors, 0 left on base; Capital Hill 9 - Memphis 2
TOP OF THE 9TH
Capital Hill Interns batting - Pitching for Memphis Music : RHP Eric Pierson
Batting: RHB Alejandro Carrillo 0-0: Ball
1-0: Called Strike
1-1: Foul Ball, location: 2F
1-2: Ball
2-2: Fly out, F9 (Flyball, 89S)
Batting: LHB Tom Washington 0-0: Called Strike
0-1: Foul Ball, location: 2F
0-2: Ball
1-2: Ball
2-2: Ball
3-2: Fly out, F7 (Flyball, 7)
Batting: RHB John Fitzgerald 0-0: Ball
1-0: Swinging Strike
1-1: Foul Ball, location: 2F
1-2: Ball
2-2: Strikes out swinging
Top of the 9th over - 0 runs, 0 hits, 0 errors, 0 left on base; Capital Hill 9 - Memphis 2
BOTTOM OF THE 9TH
Memphis Music batting - Pitching for Capital Hill Interns : RHP Emílio Pantoliano
Batting: LHB Valke van der Heide 0-0: Ground out U3 (Groundball, 34)
Batting: LHB Kuberabandhu Kasturirangan 0-0: Called Strike
0-1: Called Strike
0-2: Foul Ball, location: 2F
0-2: Strikes out swinging
Batting: LHB Klaas Westerduin 0-0: Ball
1-0: Foul Ball, location: 2F
1-1: Ground out 1-3 (Groundball, 15)
Bottom of the 9th over - 0 runs, 0 hits, 0 errors, 0 left on base; Capital Hill 9 - Memphis 2
Friday, March 29th, 2019 - OOTP Baseball 18.8 Build 76